 Dungeon Crawl Stone Soup version 0.26-a0-84-g8c18429211 (webtiles) character file.

Game seed: 8511786500559685221

0 Gargoyl the Skirmisher (level 1, -2/28 HPs)
             Began as a Centaur Abyssal Knight on June 19, 2020.
             Was a Follower of Lugonu.
             Slain by a hell beast (9 damage)
             ... summoned by a deep elf demonologist
             ... on level 2 of the Abyss.
             The game lasted 00:00:27 (164 turns).

Gargoyl the Skirmisher (Centaur Abyssal Knight)      Turns: 164, Time: 00:00:27

Health: -2/28      AC: 20    Str: 14    XL:     1   Next: 0%
Magic:  2/2        EV:  1    Int: 11    God:    Lugonu [*.....]
Gold:   15         SH:  0    Dex:  8    Spells: 0/0 levels left

rFire    . . .     SeeInvis .   a - +1 hand axe
rCold    . . .     Gourm    .   (no shield)
rNeg     + + +     Faith    .   (armour currently unavailable)
rPois    +         Spirit   .   (helmet currently unavailable)
rElec    .         Reflect  .   (cloak currently unavailable)
rCorr    .         Harm     .   (gloves currently unavailable)
MR       .....     NoTele   +   (no barding)
Stlth    +.........             (no amulet)
HPRegen  0.09/turn              (no ring)
MPRegen  0.08/turn              (no ring)

@: tree-form
A: large
a: Depart the Abyss, Renounce Religion


You were on level 2 of the Abyss.
You worshipped Lugonu.
Lugonu was aware of your devotion.
You were not hungry.
You were a tree.
You visited 0 branches of the dungeon, and saw 0 of its levels.
You visited the Abyss 1 time.

You collected 15 gold pieces.

Inventory:

Hand Weapons
 a - a +1 hand axe (weapon)
Armour
 b - a +0 leather armour (melded)
Wands
 e - a wand of polymorph (5)
Scrolls
 d - a scroll of identify {unknown}
Comestibles
 c - a ration


   Skills:
 + Level 3.0 Fighting
 + Level 1.7 Axes
 + Level 1.3 Armour
 + Level 0.6 Dodging
 + Level 2.0 Invocations


You couldn't memorise any spells.
You didn't know any spells.
Your spell library was empty.

Dungeon Overview and Level Annotations

Branches:
Dungeon (0/15)

Altars:


Innate Abilities, Weirdness & Mutations

((You have hooves in place of feet.))
((Armour fits poorly on your strangely shaped body.))
((You cover ground very quickly.))
((You have extremely tough skin. (AC +3)))


Message History

Aiming: Polymorph
Press: ? - help, Shift-Dir - straight line, f - you You turn into a tree.
Your +0 leather armour melds into your body.
Your roots penetrate the ground.
A neqoxec comes into view.
Unknown command.
The deep elf demonologist mumbles some strange words.
You barely miss the deep elf demonologist.
The deep elf demonologist hits you with a +0 dagger.
The hell beast bites you!
Ouch! That really hurt!
* * * LOW HITPOINT WARNING * * *
The hell beast tramples you.
* * * LOW HITPOINT WARNING * * *
You barely miss the deep elf demonologist.
You barely miss the hell beast.
You hit the tentacled starspawn but do no damage.
The hell beast bites you!
You die...

## #.##
#...##.#..# .# #
# ## . #.#.
###..# .. ###.
#.# ....#...# #
#. #... ...#..#
..x
X.X...#####.#.##
.# ..#w # #.# .#
#......# .#
#....
##.#.#####..# #
.#. #
.#.#..X#...# . #
. ..#.#. .#.♣# #
##...#. .#
#.##2e# ##
##....# ..###.4.
# # ##.## #
.#3.# .# ###..#.
###... .. .# .
..## . ##. #. #
..# # . . #.# ..
... .#


You could see a tentacled starspawn, a hell beast (summoned), a deep elf
demonologist, a hellwing (summoned) and a neqoxec.

Vanquished Creatures (others)
  2 starspawn tentacles (Abyss:2)
2 creatures vanquished.

Notes
Turn   | Place    | Note
-------+----------+-------------------------------------------
     0 | Abyss:1  | Gargoyl the Centaur Abyssal Knight began the quest for the
                  | Orb.
     0 | Abyss:1  | Reached XP level 1. HP: 19/19 MP: 2/2
    52 | Abyss:1  | Found a corrupted altar of Lugonu.
   133 | Abyss:2  | Noticed a small abomination
   134 | Abyss:2  | Noticed a tentacled starspawn
   156 | Abyss:2  | Noticed a deep elf demonologist
   158 | Abyss:2  | Noticed a hellwing
   160 | Abyss:2  | Noticed a neqoxec
   162 | Abyss:2  | Noticed a hell beast
   164 | Abyss:2  | Slain by a hell beast

Illustrated notes

Levels and vault maps discovered:
Abyss:2:  minivault_27

Action                   || total
-------------------------++-------
Melee: Hand axe          ||     2
Evoke: Wand              ||     1
  Use: Scroll            ||     1
       Potion            ||     1

Table legend:
 A = Non-vault XP
 B = Vault XP
 C = Vault XP percentage of total XP
 D = Non-vault monster count
 E = Vault monster count
 F = Vault count percentage of total count
                 A         B        C        D         E       F
            +---------+---------+-------+---------+---------+-------
      Total |       0 |       0 |   N/A |       0 |       0 |  -nan
            +---------+---------+-------+---------+---------+-------
            +---------+---------+-------+---------+---------+-------
